| TOP OF THE 1ST |
|
Mississippi Braves batting - Pitching for Altoona Curve : RHP Antonio Alvarez
|
|
Pitching: RHP Antonio Alvarez
|
|
|
Batting: LHB Rodolfo Cano
|
0-0: Foul Ball, location: 2F 0-1: Foul Ball, location: 2F 0-2: Foul Ball, location: 2F 0-2: Fly out, F8 (Flyball, 8LM, EV 77.5 MPH)
|
|
Batting: LHB Raul Guarjardo
|
0-0: Ball 1-0: Foul Ball, location: 2F 1-1: Ball 2-1: Ground out 4-3 (Groundball, 34, EV 100.6 MPH)
|
|
Batting: RHB Tim Nettles
|
0-0: Called Strike 0-1: Ball 1-1: Ball 2-1: Foul Ball, location: 2F 2-2: Ball 3-2: SINGLE (Groundball, 6D, EV 107.5 MPH)
|
|
Batting: SHB Brian Bagley
|
0-0: Ball Tim Nettles steals 2nd, throwing error, E2 Tim Nettles to third 1-0: Foul Ball, location: 2F 1-1: Foul Ball, location: 2F 1-2: Ball 2-2: Foul Ball, location: 2F 2-2: Ball 3-2: Foul Ball, location: 2F 3-2: SINGLE (Groundball, 34D, EV 106.3 MPH) Tim Nettles scores
|
|
Batting: RHB Jack Power
|
0-0: Called Strike 0-1: Ball 1-1: SINGLE (Groundball, 56D, EV 95.0 MPH) Brian Bagley to second
|
|
Batting: RHB Zachary Sidney
|
0-0: Ball 1-0: Ball 2-0: Called Strike 2-1: Ball 3-1: Swinging Strike 3-2: Foul Ball, location: 2F 3-2: Strikes out looking
|
| Top of the 1st over - 1 run, 3 hits, 1 error, 2 left on base; Mississippi 1 - Altoona 0 |
| BOTTOM OF THE 1ST |
|
Altoona Curve batting - Pitching for Mississippi Braves : RHP Tim Catalano
|
|
Pitching: RHP Tim Catalano
|
|
|
Batting: LHB Jesse Henly
|
0-0: Ball 1-0: Ball 2-0: Ball 3-0: Called Strike 3-1: Foul Ball, location: 2F 3-2: Strikes out looking
|
|
Batting: RHB Matt Keef
|
0-0: Ball 1-0: Swinging Strike 1-1: Swinging Strike 1-2: Ball 2-2: Ball 3-2: Foul Ball, location: 2F 3-2: Foul Ball, location: 2F 3-2: SINGLE (Groundball, 4, EV 104.4 MPH)
|
|
Batting: RHB Terry Sutherland
|
0-0: Ball 1-0: Swinging Strike 1-1: Foul Ball, location: 2F 1-2: Foul Ball, location: 2F 1-2: Strikes out swinging
|
|
Batting: SHB Jerry Massey
|
0-0: Called Strike 0-1: Ball 1-1: Ball 2-1: Ball 3-1: Foul Ball, location: 2F 3-2: Strikes out swinging
|
| Bottom of the 1st over - 0 runs, 1 hit, 0 errors, 1 left on base; Mississippi 1 - Altoona 0 |
| TOP OF THE 2ND |
|
Mississippi Braves batting - Pitching for Altoona Curve : RHP Antonio Alvarez
|
|
Batting: LHB Jon Burgos
|
0-0: Ball 1-0: Ball 2-0: Ball 3-0: Base on Balls
|
|
Batting: RHB Ed Haydon
|
0-0: Called Strike 0-1: Called Strike 0-2: Strikes out swinging
|
|
Batting: RHB Edwin Cota
|
0-0: Ball 1-0: Called Strike Jon Burgos steals 2nd base 1-1: Swinging Strike 1-2: Strikes out looking
|
|
Batting: LHB Rodolfo Cano
|
0-0: Called Strike 0-1: Ball 1-1: Ground out 4-3 (Groundball, 4, EV 101.9 MPH)
|
| Top of the 2nd over - 0 runs, 0 hits, 0 errors, 1 left on base; Mississippi 1 - Altoona 0 |
| BOTTOM OF THE 2ND |
|
Altoona Curve batting - Pitching for Mississippi Braves : RHP Tim Catalano
|
|
Batting: RHB Killian Jones
|
0-0: Ball 1-0: Ball 2-0: Ball 3-0: Called Strike 3-1: Foul Ball, location: 2F 3-2: Fly out, F8 (Flyball, 8LM, EV 83.1 MPH)
|
|
Batting: RHB Keiji Nakajima
|
0-0: Ball 1-0: Called Strike 1-1: Swinging Strike 1-2: Ball 2-2: Foul Ball, location: 2F 2-2: Ball 3-2: Base on Balls
|
|
Batting: RHB Pedro Criollo
|
0-0: Called Strike Keiji Nakajima steals 2nd base 0-1: Ball 1-1: Ball 2-1: Ball 3-1: DOUBLE (Groundball, 5L, EV 101.3 MPH) Keiji Nakajima scores
|
|
Batting: RHB Yoshiaki Tsutsui
|
0-0: Ball 1-0: Fly out, F8 (Flyball, 78D, EV 85.6 MPH)
|
|
Batting: RHB Bahiyy al Din bin Mamdouh
|
0-0: Ball 1-0: Ball 2-0: Called Strike 2-1: Ball 3-1: Base on Balls
|
|
Batting: LHB Jesse Henly
|
0-0: Called Strike 0-1: Ball 1-1: Ball 2-1: DOUBLE (Groundball, 3L, EV 108.8 MPH) Pedro Criollo scores Bahiyy al Din bin Mamdouh to third
|
|
Batting: RHB Matt Keef
|
0-0: Foul Ball, location: 2F 0-1: Ball 1-1: Ball 2-1: Ball 3-1: SINGLE (Groundball, 4MD, EV 96.9 MPH) Bahiyy al Din bin Mamdouh scores Jesse Henly to third Runner from 3rd tries for Home, SAFE, throw by CF to home
|
|
Batting: RHB Terry Sutherland
|
0-0: Ball Matt Keef steals 2nd base 1-0: Ball 2-0: Called Strike 2-1: Foul Ball, location: 2F 2-2: Strikes out swinging
|
| Bottom of the 2nd over - 4 runs, 3 hits, 0 errors, 1 left on base; Mississippi 1 - Altoona 4 |
| TOP OF THE 3RD |
|
Mississippi Braves batting - Pitching for Altoona Curve : RHP Antonio Alvarez
|
|
Batting: LHB Raul Guarjardo
|
0-0: Foul Ball, location: 2F 0-1: Fly out, F8 (Line Drive, 8RM, EV 90.0 MPH)
|
|
Batting: RHB Tim Nettles
|
0-0: Swinging Strike 0-1: Swinging Strike 0-2: Strikes out swinging
|
|
Batting: SHB Brian Bagley
|
0-0: Ball 1-0: Ground out U3 (Groundball, 3L, EV 84.4 MPH)
|
| Top of the 3rd over - 0 runs, 0 hits, 0 errors, 0 left on base; Mississippi 1 - Altoona 4 |
| BOTTOM OF THE 3RD |
|
Altoona Curve batting - Pitching for Mississippi Braves : RHP Tim Catalano
|
|
Batting: SHB Jerry Massey
|
0-0: Fly out, F7 (Flyball, 78M, EV 85.0 MPH)
|
|
Batting: RHB Killian Jones
|
0-0: Called Strike 0-1: Swinging Strike 0-2: Ball 1-2: Ball 2-2: Reached on error, E6 (Groundball, 6, EV 83.8 MPH)
|
|
Batting: RHB Keiji Nakajima
|
0-0: Ball 1-0: Ball 2-0: SINGLE (Groundball, 56D, EV 110.0 MPH) Killian Jones to second
|
|
Batting: RHB Pedro Criollo
|
0-0: Ball 1-0: Ball 2-0: Fly out, F8 (Flyball, 8LXD, EV 90.6 MPH) Runner from 2nd tags up, SAFE at 3rd, no throw by CF
|
|
Batting: RHB Yoshiaki Tsutsui
|
0-0: Ball Wild Pitch! Killian Jones scores Keiji Nakajima to second 1-0: Ball Wild Pitch! Keiji Nakajima to third 2-0: Ground out U3 (Groundball, 34, EV 88.8 MPH)
|
| Bottom of the 3rd over - 1 run, 1 hit, 1 error, 1 left on base; Mississippi 1 - Altoona 5 |
| TOP OF THE 4TH |
|
Mississippi Braves batting - Pitching for Altoona Curve : RHP Antonio Alvarez
|
|
Batting: RHB Jack Power
|
0-0: Foul Ball, location: 2F 0-1: SINGLE (Groundball, 34D, EV 96.3 MPH)
|
|
Batting: RHB Zachary Sidney
|
0-0: Swinging Strike 0-1: Foul Ball, location: 2F 0-2: Ball Wild Pitch! Jack Power to second 1-2: Ball 2-2: Strikes out swinging
|
|
Batting: LHB Jon Burgos
|
0-0: Ball 1-0: Called Strike 1-1: Ball 2-1: Fly out, F9 (Flyball, 89M, EV 90.6 MPH)
|
|
Batting: RHB Ed Haydon
|
0-0: Called Strike 0-1: Swinging Strike 0-2: Single, Error in OF, E8, batter to second base (Line Drive, 4M, EV 105.6 MPH) Jack Power scores
|
|
Batting: RHB Edwin Cota
|
0-0: Called Strike 0-1: Foul Ball, location: 2F 0-2: Ball 1-2: Ball 2-2: Strikes out looking
|
| Top of the 4th over - 1 run, 2 hits, 1 error, 1 left on base; Mississippi 2 - Altoona 5 |
| BOTTOM OF THE 4TH |
|
Altoona Curve batting - Pitching for Mississippi Braves : RHP Tim Catalano
|
|
Pitching: RHP Marko Martin
|
|
|
Batting: RHB Bahiyy al Din bin Mamdouh
|
0-0: Fly out, F9 (Flyball, 9, EV 93.1 MPH)
|
|
Batting: LHB Jesse Henly
|
0-0: Called Strike 0-1: Ground out 6-3 (Groundball, 6, EV 86.3 MPH)
|
|
Batting: RHB Matt Keef
|
0-0: Called Strike 0-1: SINGLE (Groundball, 4M, EV 107.5 MPH) (infield hit)
|
|
Batting: RHB Terry Sutherland
|
0-0: Ball 1-0: Ground out 4-3 (Groundball, 4, EV 85.6 MPH)
|
| Bottom of the 4th over - 0 runs, 1 hit, 0 errors, 1 left on base; Mississippi 2 - Altoona 5 |
| TOP OF THE 5TH |
|
Mississippi Braves batting - Pitching for Altoona Curve : RHP Antonio Alvarez
|
|
Batting: LHB Rodolfo Cano
|
0-0: Called Strike 0-1: Ball 1-1: Swinging Strike 1-2: Ball 2-2: Strikes out swinging
|
|
Batting: LHB Raul Guarjardo
|
0-0: Called Strike 0-1: Swinging Strike 0-2: Foul Ball, location: 2F 0-2: Ball 1-2: Ball 2-2: Reached on error, E5 (Groundball, 56S, EV 71.9 MPH)
|
|
Batting: RHB Tim Nettles
|
0-0: Ball Raul Guarjardo steals 2nd base 1-0: Ball 2-0: Called Strike 2-1: Swinging Strike 2-2: Ball 3-2: SINGLE (Groundball, 56D, EV 108.1 MPH) Raul Guarjardo to third Runner from 3rd tries for Home, SAFE, throw by LF to home Tim Nettles to second
|
|
Batting: SHB Brian Bagley
|
0-0: Ball 1-0: Foul Ball, location: 2F 1-1: Foul Ball, location: 2F 1-2: Ball 2-2: SINGLE (Line Drive, 8RS, EV 86.3 MPH) Tim Nettles to third Runner from 3rd tries for Home, SAFE, throw by CF to home
|
|
Batting: RHB Jack Power
|
0-0: Grounds into double play, 4-6-3 (Groundball, 4M, EV 84.4 MPH)
|
| Top of the 5th over - 2 runs, 2 hits, 1 error, 0 left on base; Mississippi 4 - Altoona 5 |
| BOTTOM OF THE 5TH |
|
Altoona Curve batting - Pitching for Mississippi Braves : RHP Marko Martin
|
|
Batting: SHB Jerry Massey
|
0-0: Called Strike 0-1: Ball 1-1: Ball 2-1: Swinging Strike 2-2: Ball 3-2: Base on Balls
|
|
Batting: RHB Killian Jones
|
0-0: Ball 1-0: Grounds into double play, 5-4-3 (Groundball, 5, EV 91.3 MPH)
|
|
Batting: RHB Keiji Nakajima
|
0-0: Called Strike 0-1: Ball 1-1: SINGLE (Popup, 5D, EV 49.4 MPH)
|
|
Batting: RHB Pedro Criollo
|
0-0: Called Strike Keiji Nakajima steals 2nd base (no throw) 0-1: Fly out, F2 (Popup, 23F, EV 84.4 MPH)
|
| Bottom of the 5th over - 0 runs, 1 hit, 0 errors, 1 left on base; Mississippi 4 - Altoona 5 |
| TOP OF THE 6TH |
|
Mississippi Braves batting - Pitching for Altoona Curve : RHP Antonio Alvarez
|
|
Pitching: RHP Albert Carrero
|
|
|
Batting: RHB Zachary Sidney
|
0-0: Called Strike 0-1: Ball 1-1: Foul Ball, location: 2F 1-2: Ball 2-2: Foul Ball, location: 2F 2-2: Ground out U3 (Groundball, 3, EV 101.9 MPH)
|
|
Batting: LHB Jon Burgos
|
0-0: Called Strike 0-1: Ball 1-1: Called Strike 1-2: Foul Ball, location: 2F 1-2: SINGLE (Flyball, 56D, EV 90.6 MPH)
|
|
Batting: RHB Ed Haydon
|
0-0: Swinging Strike 0-1: Ball 1-1: Called Strike 1-2: Ball 2-2: Foul Ball, location: 2F 2-2: Ball 3-2: Strikes out swinging Jon Burgos is caught stealing 2nd base 2-4 Batter strikes out.
|
| Top of the 6th over - 0 runs, 1 hit, 0 errors, 0 left on base; Mississippi 4 - Altoona 5 |
| BOTTOM OF THE 6TH |
|
Altoona Curve batting - Pitching for Mississippi Braves : RHP Marko Martin
|
|
Batting: RHB Yoshiaki Tsutsui
|
0-0: Called Strike 0-1: DOUBLE (Groundball, 5L, EV 100.6 MPH)
|
|
Batting: RHB Bahiyy al Din bin Mamdouh
|
0-0: Ball 1-0: Foul Ball, location: 2F 1-1: Swinging Strike 1-2: Ball 2-2: Strikes out swinging
|
|
Batting: LHB Jesse Henly
|
0-0: Intentional Walk
|
|
Pitching: RHP Scott Bentley
|
|
|
Batting: RHB Matt Keef
|
0-0: Ball 1-0: Fly out, F8 (Flyball, 8RXD, EV 75.6 MPH) Runner from 2nd tags up, SAFE at 3rd, no throw by CF
|
|
Batting: RHB Terry Sutherland
|
0-0: Ball 1-0: Ball 2-0: Ball 3-0: Called Strike 3-1: Base on Balls Jesse Henly to second
|
|
Batting: SHB Jerry Massey
|
0-0: Foul Ball, location: 2F 0-1: Foul Ball, location: 2F 0-2: Foul Ball, location: 2F 0-2: Ball 1-2: Ball 2-2: Strikes out swinging
|
| Bottom of the 6th over - 0 runs, 1 hit, 0 errors, 3 left on base; Mississippi 4 - Altoona 5 |
| TOP OF THE 7TH |
|
Mississippi Braves batting - Pitching for Altoona Curve : RHP Albert Carrero
|
|
Pinch Hitting: LHB Pablo Ordonez
|
0-0: DOUBLE (Line Drive, 9LM, EV 115.0 MPH)
|
|
Batting: LHB Rodolfo Cano
|
0-0: Ball 1-0: Ground out 5-3 (Groundball, 56, EV 103.8 MPH)
|
|
Batting: LHB Raul Guarjardo
|
0-0: Ball 1-0: Ball 2-0: Ground out 3-1 (Groundball, 34, EV 101.3 MPH) Pablo Ordonez to third
|
|
Batting: RHB Tim Nettles
|
0-0: Ball 1-0: Fly out, F3 (Flyball, 3D, EV 80.6 MPH)
|
| Top of the 7th over - 0 runs, 1 hit, 0 errors, 1 left on base; Mississippi 4 - Altoona 5 |
| BOTTOM OF THE 7TH |
|
Altoona Curve batting - Pitching for Mississippi Braves : RHP Scott Bentley
|
|
Pitching: LHP Benjamin Pater
|
|
|
Now at SS: Bobby Light
|
|
|
Batting: RHB Killian Jones
|
0-0: Foul Ball, location: 2F 0-1: Ground out 6-3 (Groundball, 6, EV 105.0 MPH)
|
|
Batting: RHB Keiji Nakajima
|
0-0: Ball 1-0: Ball 2-0: Ball 3-0: Called Strike 3-1: Base on Balls
|
|
Batting: RHB Pedro Criollo
|
0-0: Fly out, F3 (Line Drive, 3, EV 62.5 MPH)
|
|
Batting: RHB Yoshiaki Tsutsui
|
0-0: Foul Ball, location: 2F 0-1: SINGLE (Groundball, 25, EV 70.6 MPH) (infield hit) Keiji Nakajima to second
|
|
Batting: RHB Bahiyy al Din bin Mamdouh
|
0-0: Called Strike 0-1: Ball 1-1: Ball 2-1: Foul Ball, location: 2F 2-2: SINGLE (Line Drive, 6D, EV 106.3 MPH) Keiji Nakajima to third Yoshiaki Tsutsui to second Runner from 3rd tries for Home, SAFE, throw by LF to home
|
|
Batting: LHB Jesse Henly
|
0-0: Ball 1-0: Called Strike 1-1: Foul Ball, location: 2F 1-2: SINGLE (Groundball, 5S, EV 71.3 MPH) (infield hit) Yoshiaki Tsutsui to third Bahiyy al Din bin Mamdouh to second
|
|
Batting: RHB Matt Keef
|
0-0: Ball 1-0: Fielders Choice at 2nd, 4-6 (Groundball, 4MD, EV 96.9 MPH)
|
| Bottom of the 7th over - 1 run, 3 hits, 0 errors, 3 left on base; Mississippi 4 - Altoona 6 |
| TOP OF THE 8TH |
|
Mississippi Braves batting - Pitching for Altoona Curve : RHP Albert Carrero
|
|
Pitching: RHP Robby Poyfair
|
|
|
Batting: SHB Brian Bagley
|
0-0: Called Strike 0-1: Foul Ball, location: 2F 0-2: Ball 1-2: Strikes out swinging
|
|
Batting: RHB Jack Power
|
0-0: Called Strike 0-1: Foul Ball, location: 2F 0-2: Strikes out swinging
|
|
Batting: RHB Zachary Sidney
|
0-0: Called Strike 0-1: Swinging Strike 0-2: Ball 1-2: Ground out 1-3 (Groundball, 15S, EV 73.1 MPH)
|
| Top of the 8th over - 0 runs, 0 hits, 0 errors, 0 left on base; Mississippi 4 - Altoona 6 |
| BOTTOM OF THE 8TH |
|
Altoona Curve batting - Pitching for Mississippi Braves : LHP Benjamin Pater
|
|
Pitching: RHP Toru Yoshikawa
|
|
|
Batting: RHB Terry Sutherland
|
0-0: Called Strike 0-1: Ground out 5-3 (Groundball, 56S, EV 87.5 MPH)
|
|
Batting: SHB Jerry Massey
|
0-0: Ball 1-0: Called Strike 1-1: Foul Ball, location: 2F 1-2: Foul Ball, location: 2F 1-2: Ground out 4-3 (Groundball, 4, EV 92.5 MPH)
|
|
Batting: RHB Killian Jones
|
0-0: Swinging Strike 0-1: Hit by Pitch
|
|
Batting: RHB Keiji Nakajima
|
0-0: Ball 1-0: Called Strike 1-1: Ball 2-1: Swinging Strike 2-2: Foul Ball, location: 2F 2-2: Strikes out swinging
|
| Bottom of the 8th over - 0 runs, 0 hits, 0 errors, 1 left on base; Mississippi 4 - Altoona 6 |
| TOP OF THE 9TH |
|
Mississippi Braves batting - Pitching for Altoona Curve : RHP Robby Poyfair
|
|
Pitching: LHP Jimmy Vanthournoutingtonle
|
|
|
Now at 1B: Aito Harada
|
|
|
Now in LF: Yoshiaki Tsutsui
|
|
|
Now in CF: Nelson Ozuna
|
|
|
Batting: LHB Jon Burgos
|
0-0: Swinging Strike 0-1: Ball 1-1: Called Strike 1-2: Strikes out swinging
|
|
Batting: RHB Ed Haydon
|
0-0: Ground out 4-3 (Groundball, 4, EV 91.9 MPH)
|
|
Pinch Hitting: RHB Zach Thomason
|
0-0: Ball 1-0: Swinging Strike 1-1: Called Strike 1-2: Fly out, F5 (Popup, 5SF, EV 88.8 MPH)
|
| Top of the 9th over - 0 runs, 0 hits, 0 errors, 0 left on base; Mississippi 4 - Altoona 6 |
|